AoeStats
← WastedSpvrky

Hideout

510230798Analyzed
1v1 RM · 3d ago on Sep 30, 2026· 28m 19s· 2 players
Game mode
Random Map
Map size
Tiny (2 player)
Population
200
Speed
Normal
Resources
Standard
Victory
Conquest
Starting age
Dark Age
Ending age
Imperial Age
RankedLock teamsTeams togetherTeam positionsShared explorationLock speedFull tech treeHidden civsTurbo modeCheats
Victory
Defeat
🇺🇸 Vikings · United States
1004
+16
🇺🇸 Franks · United States
1013
-16
L33tHaxMan
11:33 Feudal Age
12:18 Double-Bit Axe
12:16 Horse Collar
12:38 Man-at-Arms
14:19 Arson
15:20 Scale Mail Armor
18:17 Loom
20:56 Castle Age
22:03 Chain Mail Armor
21:09 Pikeman
21:50 Squires
22:40 Town Watch
23:00 Gold Mining
WastedSpvrky
10:32 Feudal Age
14:30 Castle Age
12:57 Double-Bit Axe
13:38 Gold Mining
18:33 Scale Barding Armor
18:23 Loom
20:29 Forging
24:41 Iron Casting
27:06 Chain Barding Armor
27:40 Bow Saw
29:15 Wheelbarrow
Connection lost

Rejoining the realm…

Still unreachable

The connection could not be restored.

Session expired

The server has moved on; the page needs a fresh start.